Unix NetHack Version 3.7.0-101 Work-in-progress - last build Apr 1 2024 13:39:02 (cf3915abb6dcc6e3362b2b16a766b7b4f6c45fc9,branch:master). Game began 2024-03-07 13:36:54, ended 2024-04-04 01:50:41. Judas, chaotic male human Priest ----------------------------------------------------------------------------- |`....|}}}}}}}}}...............................z....N........}}}}}}}}}|.E...| |----.|}-------}}}}}}}}}}}}}}}}}}}}}}}}}}}}}}}}}}}}}}}}}}}}}}}-------}|.----| |.%...|}|....n|-----------------------------------------------|..?.(|}|.|...| |.---.|}|..E.N-..T..u@..r@.@T........%"......)....)..........)+....)|}|.|.|.| |.|...|}-------------------------------.-----------------------------}|...|.| |.|.--|}}}}}}|........|...HO.@qh:+...........|*.*.***-.))))))..|}}}}}}-----.| |.|%.)|.....}|.[......|....!%[%%@|...........|S**.*.*|.|))))...|}......`|..`| |.|---|.....}|.......`|----------|..........C|--------|--------|}.....|.|.--| |.|(..|....a}#"..{..h.-).")......-..).....@.)))^).)..))^...^..^-T../..|%|...| |.|.|%|.....}|........|----------|.....@...)[|--------|--------|}W....|.---.| |`..|`......}|........|....[.....|...........|[f[q[[[|.|.......|}.....|...|.| |.-----}}}}}}|........|....(.............."..|.[[.[[[-.-.......|}}}}}}|--.|.| |`%..`|}-------------------------------[-----------------------------}|.|...| |----.|}|..[..+....p.........m....................%...........-.....|}|.---.| |.<[|.|}|.%...|-----------------------------------------------|...NO|}|`[...| |.---.|}-------}}}}}}}}}}}}}}}}}}}}}}}}}}}}}}}}}}}}}}}}}}}}}}}-------}|.----| |`...`|}}}}}}}}}.................u.....s.....ff..............}}}}}}}}}|.....| ----------------------------------------------------------------------------- Judas the Priest St:18/41 Dx:15 Co:18 In:9 Wi:18 Ch:7 Chaotic S:240738 Dlvl:25 $:0 HP:100(129) Pw:13(185) AC:-7 Xp:13/62298 T:27105 Blind Latest messages: You put a wand of create monster into the bag of holding. You put a wand of create monster into the bag of holding. You put a wand of enlightenment into the bag of holding. You put a wand of magic missile into the bag of holding. You put a wand of magic missile into the bag of holding. You put a wand of magic missile into the bag of holding. You put a wand of magic missile into the bag of holding. You put a wand of sleep into the bag of holding. You put a wand of striking into the bag of holding. You put a wand of wishing named (1:3) into the bag of holding. What do you want to use or apply? [bghkqyzPZ or ?*] b You put a ring called aggmon into the bag of holding. You put a ring called fkdifino into the bag of holding. You put a cursed ring called t1 into the bag of holding. You put a -1 ring of gain constitution into the bag of holding. You put a blessed +4 ring of increase damage into the bag of holding. V - an amulet of ESP (being worn). Restoring save file... Hello Judas, the human Priest, welcome back to NetHack! Unix NetHack Version 3.7.0-101 Work-in-progress - last build Apr 1 2024 13:39:02 (cf3915abb6dcc6e3362b2b16a766b7b4f6c45fc9,branch:master). t - a blessed rustproof +7 aklys (tethered to right hand). In what direction? Never mind. You try to feel what is lying here on the floor. Pick an object. Pick an object. Autopickup: ON, for all objects. Autopickup: OFF. V - an amulet of ESP (being worn). Really quit? [yn] (n) y Do you want your possessions identified? [ynq] (y) q Inventory: Amulets V - an amulet of ESP (being worn) Weapons G - 5 blessed +0 darts t - a blessed rustproof +7 aklys (tethered to right hand) Armor X - a blessed +1 orcish helm (being worn) W - a blessed +0 pair of leather gloves (being worn) U - a blessed +0 pair of jumping boots (being worn) O - a +0 shield of reflection (being worn) d - a thoroughly burnt +0 robe (being worn) C - a +0 T-shirt with text "Ludios Vault Guards Do It In Small, Dark Rooms" (being worn) c - a blessed greased +2 gray dragon scale mail (being worn) Wands y - a wand of digging (0:3) Z - a wand of teleportation (0:3) Tools b - a blessed greased bag of holding containing 119 items z - a bugle q - a +0 pick-axe (alternate weapon; not wielded) k - a skeleton key P - a towel h - a blessed +0 unicorn horn Gems/Stones N - a luckstone g - a blessed touchstone Contents of the bag of holding: 5382 gold pieces an amulet of flying an amulet of life saving a cursed poisoned +0 elven arrow a +0 aklys a very corroded +0 aklys a burnt +0 pair of gauntlets of dexterity a +0 pair of water walking boots a +0 pair of water walking boots a +0 mummy wrapping 3 slime molds a C-ration 6 food rations a fortune cookie a K-ration 12 kelp fronds 2 lembas wafers a cockatrice egg 6 eggs 2 raven eggs a pyrolisk egg 3 lichen corpses a lizard corpse 2 lizard corpses a cursed scroll of confuse monster 2 blessed scrolls of enchant armor a scroll of blank paper a cursed scroll of blank paper a scroll of create monster 2 scrolls of earth a cursed scroll of gold detection 2 scrolls of light a scroll of magic mapping a blessed scroll of remove curse a scroll of stinking cloud 2 blessed scrolls of teleportation 2 scrolls of teleportation a spellbook of confuse monster a spellbook of create familiar a spellbook of cure blindness a spellbook of extra healing a spellbook of haste self a spellbook of healing a cursed spellbook of knock a spellbook of levitation a spellbook of light a spellbook of light a spellbook of protection a blessed spellbook of remove curse a spellbook of restore ability a potion of speed 2 potions of restore ability a potion of gain ability a potion of sickness 2 potions of booze 2 potions of confusion a potion of healing a blessed potion of levitation a potion of levitation 4 potions of object detection a blessed potion of oil a potion of sleeping a potion of holy water 2 potions of water a ring of aggravate monster a ring of searching a cursed ring of hunger a cursed ring of hunger a -1 ring of gain constitution a blessed +2 ring of gain strength a +1 ring of gain strength a +1 ring of increase accuracy a cursed -1 ring of increase accuracy a blessed +4 ring of increase damage a ring of levitation a cursed ring of polymorph a wand of create monster (0:12) a wand of create monster (0:0) a wand of create monster (0:10) a wand of digging (0:7) a wand of enlightenment (0:8) a wand of enlightenment (0:13) a blessed wand of light (0:11) a wand of magic missile (0:0) a wand of magic missile (0:4) a wand of magic missile (0:5) a wand of magic missile (0:0) a wand of polymorph (0:0) a wand of secret door detection (0:13) a wand of sleep (0:0) a wand of slow monster (0:5) a wand of striking (0:3) a wand of striking (0:0) a wand of striking (0:8) a wand of striking (0:6) a wand of wishing named (1:3) (1:3) a mirror a mirror a magic whistle a tallow candle a blessed oil lamp an oil lamp a tin whistle a tin whistle a blindfold a can of grease (0:19) a magic marker (0:22) a towel a towel 2 amethyst stones an aquamarine stone a black opal 2 diamonds 3 emeralds a jasper stone an opal 3 rubies a topaz stone a luckstone Judas the Priest's attributes: Background: You were a Priest, level 13 human. You were chaotic, on a mission for Loki who was opposed by Tyr (lawful) and Odin (neutral). You were right-handed. You were in the Dungeons of Doom, on level 25. You entered the dungeon 27105 turns ago. It was nighttime. You had 62298 experience points, 17702 more were needed to attain level 14. Your score was 240738 before end-of-game adjustments. Basics: You had 100 out of 129 hit points. You had 13 out of 185 energy points (spell power). Your armor class was -7. Your wallet was empty, but you had 5382 zorkmids stashed away in your pack. Autopickup was off. Final Characteristics: Your strength was 18/41 (limit:18/100). Your dexterity was 15 (limit:18). Your constitution was 18 (limit:18). Your intelligence was 9 (limit:18). Your wisdom was 18 (limit:18). Your charisma was 7 (limit:18). Final Status: You were temporarily blind. You weren't hungry. You were unencumbered. You were wielding a club. You had expert skill with club. Final Attributes: You were piously aligned. You were magic-protected. You were cold resistant. You were poison resistant. You would have seen invisible when not blind. You were telepathic. You could jump. You could teleport. You were guarded. You had reflection. You were extremely lucky. You had extra luck. Bad luck did not time out for you. Good luck did not time out for you. You survived. Miscellaneous: You never encountered a bones level. Total elapsed playing time was 8 hours, 27 minutes and 1 second. Major events: Turn 1: Judas the chaotic human Priest entered the dungeon 577: attained the rank of Acolyte (level 3) 2143: entered the Gnomish Mines 2417: attained the rank of Adept (level 6) 2530: reached Mine Town 3045: made his first wish - "blessed greased +2 gray dragon scale mail", got "a blessed greased gray dragon scale mail" 4647: acquired the Mines' End luckstone 7691: entered Sokoban 8123: completed 1st Sokoban level 8827: completed 2nd Sokoban level 9732: completed 3rd Sokoban level 10588: attained the rank of Priest (level 10) 11108: completed 4th Sokoban level 11538: acquired the Sokoban bag of holding 14300: was bestowed with Demonbane by Loki 17044: entered Gehennom 19470: wished for "2 holy charging", got "a blessed scroll labeled XOR OTA" 26423: killed Medusa 27105: quit Vanquished creatures: Medusa a red dragon an orange dragon a black dragon a green dragon 2 baluchitheria 2 demiliches a titanothere a baby blue dragon a guardian naga a genetic engineer a vampire leader a captain 2 water trolls a clay golem 2 nurses 3 Aleaxes a frost giant 2 ettins a golden naga a black pudding 10 lieutenants 3 ghosts 2 queen bees 3 giant mimics 6 long worms 4 zruties 3 fire giants 2 ogre tyrants 3 ice trolls 4 rock trolls an umber hulk 3 flesh golems a doppelganger 8 large mimics a wumpus 6 stalkers an earth elemental 2 water elementals 3 xorns 6 giant zombies 12 sergeants 7 wargs 4 winter wolves 6 small mimics 2 warhorses 4 xans an ogre leader 4 quantum mechanics 2 trolls a wood golem 4 sharks 4 freezing spheres 2 flaming spheres a shocking sphere a large cat 4 tigers a dwarf ruler 4 tengu 3 ochre jellies a leocrotta 5 elf mummies 4 human mummies 2 pythons a pit viper 4 cobras 5 wraiths a carnivorous ape 4 ettin zombies a Grey-elf 70 soldiers 2 chameleons 5 giant beetles a quivering blob 4 cockatrices 10 wolves a winter wolf cub a lynx a gremlin 3 leprechauns 3 orc-captains 2 iron piercers 6 giant spiders 4 scorpions a horse 4 ice vortices 3 black lights 5 vampire bats 2 gnome rulers 3 dwarf mummies 2 ogres 5 rust monsters 3 owlbears 6 yetis a gold golem a werewolf 6 giant eels 4 lizards 2 chickatrices a dingo a dog 2 housecats 2 jaguars 2 dwarf leaders 2 blue jellies 5 white unicorns 2 gray unicorns a dust vortex 4 ravens 2 plains centaurs a gnome mummy 6 snakes 4 apes 23 human zombies a rope golem 2 soldier ants 4 fire ants 2 bugbears a quasit a wood nymph 3 mountain nymphs 2 Mordor orcs 6 Uruk-hai 2 orc shamans 6 rock piercers 2 rock moles 3 ponies a fog cloud 9 yellow lights a shrieker a violet fungus 19 gnome leaders 4 gnomish wizards 3 gray oozes 2 barrow wights 4 elf zombies 2 straw golems a paper golem 2 jellyfish 15 giant ants a little dog 7 floating eyes 3 kittens 21 dwarves 2 kobold leaders 3 kobold shamans 29 hill orcs 14 rothes 5 rabid rats a centipede 3 giant bats 3 orc zombies 3 dwarf zombies a wererat a werejackal 7 iguanas 36 killer bees an acid blob 7 coyotes 8 hobbits 9 manes a large kobold 8 giant rats 11 cave spiders 2 brown molds 5 yellow molds 2 green molds 2 red molds 56 gnomes 18 garter snakes 3 gnome zombies 5 geckos 2 jackals a fox 5 sewer rats a grid bug 7 lichens 2 kobold zombies 8 newts 817 creatures vanquished. Extinct species: soldiers (extinct) 1 species extinct. Voluntary challenges: You read items or engraved 50 times. You never engraved Elbereth. You never genocided any monsters. You never changed form. You used 2 wishes. You did not wish for any artifacts. You did not violate any of the special Sokoban rules. Achievements: You attained the rank of Acolyte. You entered a shop. You entered the Gnomish Mines. You attained the rank of Adept. You entered Minetown. You entered a temple. You completed the Gnomish Mines. You entered Sokoban. You attained the rank of Priest. You completed Sokoban. You entered Gehennom. You learned the tune to open and close the Castle's drawbridge. You defeated Medusa. The Dungeons of Doom: levels 1 to 25 Level 1: A fountain. Level 2: A sink. Level 3: Level 4: A general store. Stairs down to The Gnomish Mines. Level 5: A sink. Level 6: A fountain. Level 7: Level 8: Some fountains. Level 9: Many fountains. Oracle of Delphi. Level 10: Some fountains. Stairs up to Sokoban, level 9. Level 11: A fountain. Level 12: "#=P" A sink. Level 13: Level 14: Level 15: A primitive area. Summoned by the Arch Priest. Portal to The Quest. Level 16: A fountain. Level 17: Many altars, a fountain. Level 18: A general store. Level 19: Level 20: Level 21: "barracks" A fountain. Portal to Fort Ludios. Level 22: A temple and an altar to Loki. Level 23: Level 24: Level 25: <- You were here. A fountain. The castle (play notes "GGEEG" to open or close drawbridge). Connection to Gehennom. Gehennom: Level 26: The Gnomish Mines: levels 5 to 12 Level 5: Level 6: Level 7: A temple and an altar to Loki, some fountains. Level 8: Level 9: Level 10: Level 11: Level 12: The Quest: Level 1: Many trees. Home. Sokoban: levels 9 up to 6 Level 6: A sink. Solved. Level 7: Solved. Level 8: Solved. Level 9: Solved. Fort Ludios: Level 1: Goodbye Judas the Priest... You quit in The Dungeons of Doom on dungeon level 25 with 240738 points, and 5382 pieces of gold, after 27105 moves. You were level 13 with a maximum of 129 hit points when you quit.